Map: Dreamcatcher LE

Players

blackxored - Winner!

  • Race: Zerg Zerg
  • League: Master
  • Spawn Location: 11:00

Xtra

  • Race: Terran Terran
  • League: Master
  • Spawn Location: 5:00

VOD

Have the link to the VOD?

Description

Time

  • Played on: July 31, 2018, 3:24 p.m.
  • Length: 11:57
Show
View Real Time Build Order
Export as new Build Order

blackxored Zerg - Winner!

Build Orders: Hatch First 

Get SALT Encoding   

  12  0:01  Drone  
  13  0:13  Overlord  
  13  0:17  Drone  
  14  0:31  Drone  
  14  0:32  Drone  
  16  0:48  Hatchery  
  15  0:51  Drone  
  15  0:55  Drone  
  17  0:58  Drone  
  18  1:09  Extractor  
  17  1:14  Spawning Pool  
  17  1:17  Drone  
  17  1:20  Drone  
  18  1:29  Drone  
  19  1:39  Drone  
  20  1:52  Overlord  
  20  2:01  Queen  
  20  2:02  Zergling x2  
  20  2:03  Zergling x2  
  20  2:05  Queen  
  26  2:13  Metabolic Boost, Drone x2  
  28  2:31  Hatchery  
  26  2:45  Queen  
  26  2:46  Overlord  
  28  2:51  Drone x2  
  28  2:52  Drone  
  28  2:56  Drone  
  32  3:00  Overlord  
  32  3:10  Drone x3  
  35  3:19  Overlord  
  35  3:24  Drone x5  
  40  3:27  Drone  
  40  3:33  Overlord  
  41  3:48  Drone x2  
  43  3:50  Queen  
  43  3:51  Queen  
  43  3:54  Drone x4  
  51  3:57  Drone x2  
  51  4:00  Overlord  
  53  4:13  Zergling x14  
  60  4:18  Zergling x2  
  60  4:19  Zergling x6  
  64  4:26  Zergling x4  
  64  4:28  Queen  
  64  4:30  Queen  
  70  4:33  Zergling x2  
  70  4:35  Queen  
  73  4:38  Overlord  
  73  4:46  Overlord x2  
  73  4:57  Drone x3  
  73  4:58  Drone x2  
  78  5:04  Lair  
  78  5:10  Drone x4  
  82  5:17  Overlord x2  
  82  5:21  Baneling Nest, Drone  
  81  5:23  Extractor  
  81  5:24  Queen  
  83  5:33  Zergling x6  
  80  5:48  Zergling x4  
  80  5:49  Zergling x8  
  82  5:53  Zergling x6  
  80  6:16  Zergling x10  
  80  6:17  Zergling x4  
  86  6:27  Centrifical Hooks  
  86  6:28  Hydralisk Den  
  86  6:29  Drone x2  
  86  6:30  Drone  
  86  6:31  Extractor, Drone x2  
  86  6:32  Drone x3  
  92  6:37  Drone x2  
  92  6:38  Hatchery, Extractor  
  92  6:48  Hatchery, Zergling x4  
  92  6:49  Zergling x4  
  92  6:50  Baneling x8  
  95  6:58  Extractor, Drone x3  
  95  7:00  Extractor, Drone  
  97  7:02  Overlord x2  
  97  7:22  Zergling x12  
  102  7:23  Zergling x4  
  102  7:28  Zergling x4  
  102  7:29  Zergling x2  
  107  7:34  Zergling x4  
  94  7:46  Zergling x12  
  100  7:53  Muscular Augments  
  100  7:55  Drone  
  100  7:56  Drone x2  
  100  7:57  Drone x3  
  100  7:58  Drone  
  107  8:00  Queen  
  107  8:02  Drone x2  
  107  8:03  Drone  
  107  8:04  Overseer  
  107  8:05  Overlord x4  
  111  8:15  Hydralisk x2  
  111  8:16  Hydralisk x5  
  125  8:21  Baneling x6  
  125  8:22  Baneling x8  
  125  8:24  Baneling  
  125  8:39  Infestation Pit, Drone x9  
  125  8:40  Drone x3  
  136  8:42  Extractor  
  136  8:43  Extractor  
  134  8:52  Hatchery  
  133  8:59  Zergling x2  
  133  9:00  Zergling x16  
  133  9:01  Zergling x8  
  146  9:03  Baneling x5  
  146  9:04  Baneling x9, Grooved Spines  
  146  9:05  Baneling x8  
  146  9:06  Baneling  
  146  9:10  Drone x2  
  146  9:11  Drone  
  146  9:12  Overlord x4  
  146  9:13  Overlord  
  148  9:47  Hydralisk x2  
  148  9:48  Hydralisk x10  
  148  9:49  Hydralisk x4  
  177  9:57  Hydralisk x3  
  177  9:58  Hydralisk  
  154  10:14  Hydralisk  
  154  10:15  Hydralisk x5  
  154  10:16  Hydralisk  
  167  10:24  Drone  
  167  10:25  Drone x3  
  167  10:26  Drone x2  
  167  10:27  Drone x4  
  177  10:29  Zergling x12  
  177  10:30  Zergling x2  
  184  10:37  Extractor  
  184  10:42  Extractor, Zergling x2  
  183  10:43  Zergling x12  
  183  10:48  Baneling  
  183  10:49  Baneling x8  
  189  10:50  Baneling x5  
  189  11:00  Queen  
  189  11:02  Spire  
  190  11:06  Zergling x10  
  190  11:07  Overlord x2  
  190  11:08  Overlord x2  
  171  11:29  Zergling x6  
  171  11:30  Zergling x18  
  171  11:31  Zergling x14  
  169  11:37  Zergling x10  
Show
View Real Time Build Order
Export as new Build Order

Xtra Terran 

Build Orders: Reaper Expand, Bio Tank 

Get SALT Encoding   

  12  0:01  SCV  
  13  0:13  SCV  
  14  0:17  Supply Depot  
  14  0:27  SCV  
  15  0:39  Barracks  
  15  0:40  SCV  
  16  0:45  Refinery  
  16  0:52  SCV  
  17  1:05  SCV  
  18  1:17  SCV  
  19  1:28  Reaper  
  19  1:29  Orbital Command  
  20  1:47  Command Center  
  20  1:55  Supply Depot, SCV  
  21  2:07  Barracks Reactor  
  21  2:08  SCV  
  22  2:12  Barracks  
  22  2:23  SCV  
  23  2:35  SCV  
  24  2:44  Marine x2  
  23  2:47  Refinery, SCV  
  23  2:49  Factory  
  26  2:59  SCV  
  26  3:00  Barracks Tech Lab  
  26  3:01  Orbital Command  
  27  3:06  Marine  
  27  3:07  Marine  
  29  3:18  Stimpack, Marine  
  30  3:20  SCV  
  30  3:24  Marine  
  30  3:26  Marine  
  33  3:28  SCV  
  33  3:32  SCV  
  33  3:34  Starport  
  35  3:36  Marine  
  35  3:40  SCV  
  35  3:41  Factory Reactor  
  37  3:42  Marine  
  37  3:44  Marine  
  39  3:49  Supply Depot, SCV  
  39  3:53  Supply Depot  
  39  3:54  SCV, Marine  
  42  4:00  Marine  
  42  4:01  SCV  
  44  4:09  Engineering Bay, SCV  
  45  4:10  Marine  
  45  4:11  Engineering Bay  
  46  4:21  Medivac x2  
  50  4:24  Marine x2  
  50  4:26  SCV, Factory Tech Lab  
  50  4:28  SCV, Marine  
  55  4:35  Supply Depot  
  56  4:38  SCV  
  56  4:40  Refinery, SCV  
  56  4:43  Refinery, Marine  
  56  4:45  Marine  
  59  4:50  SCV  
  59  4:51  Terran Infantry Weapons Level 1  
  60  5:00  Marine  
  60  5:01  Siege Tank, Marine  
  60  5:03  SCV x2  
  67  5:08  Supply Depot  
  67  5:09  Supply Depot  
  67  5:14  Marine  
  67  5:16  SCV x2  
  67  5:18  Terran Infantry Armor Level 1  
  70  5:32  Marine x2  
  70  5:48  Marine  
  68  5:50  Marine x2, Medivac x2  
  68  5:55  Command Center  
  74  5:58  Barracks  
  74  6:01  Barracks  
  70  6:20  Marine x3  
  70  6:23  Medivac x2  
  70  6:25  Barracks  
  73  6:32  Armory  
  73  6:34  Supply Depot  
  73  6:35  Supply Depot  
  73  6:36  Combat Shield, Supply Depot  
  73  6:38  Marine x3  
  76  6:45  SCV  
  76  6:46  SCV  
  78  6:49  Barracks Reactor  
  78  6:50  Barracks Reactor  
  78  6:55  Marine  
  78  6:56  Siege Tank  
  78  6:58  SCV  
  78  7:00  SCV  
  84  7:01  Marine  
  84  7:02  Marine  
  86  7:10  SCV  
  86  7:13  Marine  
  86  7:14  Barracks Reactor  
  88  7:19  Marine  
  89  7:28  Siege Tank  
  92  7:30  Marine x2  
  94  7:37  Marine x3  
  94  7:38  Marine  
  94  7:43  Marine  
  81  7:47  Marine x2  
  81  7:50  Orbital Command  
  82  7:55  Marine x3  
  85  8:00  Siege Tank  
  85  8:01  SCV  
  85  8:02  Terran Infantry Weapons Level 2, Factory  
  85  8:04  SCV  
  90  8:11  Marine x2  
  90  8:12  Marine x4  
  96  8:13  Marine x2  
  96  8:16  Terran Infantry Armor Level 2, Liberator  
  96  8:18  SCV x2  
  100  8:21  SCV  
  101  8:27  Refinery  
  101  8:30  SCV x2  
  101  8:31  Refinery  
  101  8:32  Siege Tank  
  109  8:42  SCV  
  109  8:44  Terran Vehicle And Ship Armor Level 1  
  109  8:46  Marine x4  
  109  8:47  Marine x5  
  119  8:54  SCV x3  
  122  9:02  Supply Depot  
  122  9:03  Supply Depot  
  122  9:04  Marine x3  
  122  9:07  Supply Depot  
  125  9:23  Marine x5  
  125  9:24  SCV x3, Marine x4  
  133  9:26  Supply Depot  
  133  9:29  Supply Depot  
  133  9:30  Supply Depot  
  137  9:32  Supply Depot x2  
  137  9:36  SCV x3  
  140  9:41  Marine x3  
  143  9:48  SCV x2  
  143  9:52  Liberator x2  
  145  9:56  Supply Depot  
  94  10:00  Marine x3  
  94  10:06  Marine x6  
  97  10:07  Siege Tank, Factory Tech Lab  
  100  10:16  SCV x2  
  102  10:28  SCV  
  103  10:30  Marine  
  103  10:31  Marine  
  103  10:32  Marine  
  103  10:33  Marine  
  107  10:35  Marine  
  107  10:36  Marine  
  107  10:39  Siege Tank x2  
  107  10:41  Marine x3  
  107  10:42  Command Center  
  118  10:48  Marine  
  118  10:49  Marine  
  120  10:54  Marine x3  
  120  10:56  Sensor Tower  
  120  10:57  Sensor Tower  
  123  11:00  Marine x4  
  127  11:06  Marine  
  127  11:07  Marine  
  129  11:12  Marine x3  
  129  11:15  Medivac x2  
  129  11:17  Marine  
  129  11:18  Marine  
  121  11:25  Marine  
  121  11:26  Marine x3  
  121  11:30  Marine x3  
  106  11:35  Marine  
  106  11:37  Marine  
  94  11:48  Unknown x4  
Tags
 
Add a new tag
Caveats
  • Supply blocks, unpowered buildings, or Contaminate may cause inaccurate times.
  • Supply counts are checked every 10 seconds.